 Dungeon Crawl Stone Soup version 0.27-a0-1200-g94dc6ad4cf (webtiles) character file.

Game seed: 299402019358748278

1246 ICC the Sneak (level 8, -2/36 HPs)
             Began as a Vine Stalker Conjurer on May 30, 2021.
             Was a Follower of Wu Jian.
             Slain by a yak (15 damage)
             ... on level 5 of the Dungeon.
             The game lasted 00:18:26 (2769 turns).

ICC the Sneak (Vine Stalker Conjurer)               Turns: 2769, Time: 00:18:27

Health: -2/36      AC:  2    Str: 12    XL:     8   Next: 50%
Magic:  0/17       EV: 12    Int: 18    God:    Wu Jian [*.....]
Gold:   213        SH:  0    Dex: 13    Spells: 7/17 levels left

rFire    . . .     SeeInvis .   w - +1 dagger (elec)
rCold    . . .     Faith    .   (no shield)
rNeg     . . .     Spirit   +   e - +0 robe
rPois    .         Reflect  .   (no helmet)
rElec    .         Harm     .   (no cloak)
rCorr    .         Rampage  .   (no gloves)
Will     +....                  (no boots)
Stlth    +++.......             (no amulet)
HPRegen  1.12/turn              (no ring)
MPRegen  0.15/turn              (no ring)

@: no status effects
A: fangs 3, regeneration 1, magic shield, antimagic bite, no potion heal 2
a: Renounce Religion


You were on level 5 of the Dungeon.
You worshipped Wu Jian.
Wu Jian was aware of your devotion.
You visited 1 branch of the dungeon, and saw 5 of its levels.

You collected 213 gold pieces.

Inventory:

Hand Weapons
 a - a +1 dagger of venom
 w - a +1 dagger of electrocution (weapon)
Armour
 e - a +0 robe (worn)
 o - a +0 plate armour
Magical Staves
 s - a staff of air
Wands
 i - a wand of charming (8)
 j - a wand of paralysis (7)
Scrolls
 c - 9 scrolls of identify {unknown}
 d - a scroll of immolation {unknown}
 g - a scroll of magic mapping {unknown}
 k - 2 scrolls of noise {unknown}
 n - a scroll of teleportation {unknown}
 p - a scroll of fear {unknown}
Potions
 b - a potion of cancellation {unknown}
 f - 2 potions of curing
 h - a potion of brilliance {unknown}
 l - a potion of ambrosia {unknown}
 m - a potion of attraction {unknown}
 q - a potion of heal wounds {unknown}
 r - a potion of berserk rage {unknown}


   Skills:
 * Level 5.4 Short Blades
 - Level 2.0 Dodging
 + Level 6.2 Stealth
 + Level 5.3 Spellcasting
 - Level 4.0 Conjurations
 + Level 3.6 Hexes


You had 7 spell levels left.
You knew the following spells:

 Your Spells              Type           Power      Damage    Failure   Level
a - Magic Dart            Conj           76%        1d6       2%          1
b - Searing Ray           Conj           38%        3d4       3%          2
c - Dazzling Flash        Conj/Hex       36%        N/A       9%          3
d - Fulminant Prism       Conj/Hex       9%         3d7       26%         4

Your spell library contained the following spells:

 Spells                   Type           Power      Damage    Failure   Level
 Shock                    Conj/Air       48%        1d6       5%          1
 Static Discharge         Conj/Air       12%        N/A       9%          2
 Swiftness                Air            4%         N/A       36%         3
 Iskenderun's Mystic Bla  Conj/Tloc      12%        2d5       50%         4
 Airstrike                Air            2%         N/A       77%         4
 Lightning Bolt           Conj/Air       6%         1d18      83%         5


Dungeon Overview and Level Annotations

Branches:
Dungeon (5/15)
 Temple: D:4-7

Altars:
Ashenzari
Elyvilon
Fedhas
Hepliaklqana
Kikubaaqudgha
Okawaru
Ru
Uskayaw
Wu Jian
Xom
Yredelemnul
Zin

Shops:
D:3 :


Innate Abilities, Weirdness & Mutations

You have razor-sharp teeth.
Your natural rate of healing is unusually fast.
When hurt, damage is shared between your health and your magic reserves.
Your bite disrupts and absorbs the magic of your enemies.
Potions cannot restore your health.


Message History

The yak is moderately wounded.
The yak closely misses you.
The searing ray misses the yak.
The searing ray hits the yak.
The yak is heavily wounded.
The yak gores you!
The searing ray hits the yak.
The yak is heavily wounded.
The searing ray hits the yak!
The yak is severely wounded.
The searing ray hits the yak!
The yak is moderately wounded.
You finish channeling your searing ray.
The yak snorts and paws the ground.
The yak misses you.
You hit the yak. Lightning courses through the yak!
The yak is almost dead.
The yak closely misses you.
You barely miss the yak.
The yak is almost dead.
You hit the yak. Lightning courses through the yak!
You kill the yak!
The Council accepts your kill.
Your Short Blades skill increases to level 5!
Your Stealth skill increases to level 6!
You hit the yak. Lightning courses through the yak!
You kill the yak!
The Council accepts your kill.
You lunge at the yak.
You hit the yak. You bite the yak. You drain its power.
You feel invigorated.
The yak is heavily wounded.
The yak gores you!
Things that are here:
a yak corpse; a yak corpse You hit the yak.
You bite the yak, but do no damage.
The yak is heavily wounded.
The yak closely misses you.
You hit the yak. Lightning courses through the yak!
The yak is almost dead.
The yak gores you!
You die...

#$......≈≈..#...#
#.....#.≈≈≈♣≈..#
#...≈.≈≈♣..≈.≈.#
#.....♣#.≈♣#.#
##.≈.....≈.≈≈####
#.###♣≈≈≈≈≈≈##..
#..≈♣≈≈≈..≈.##.#
#Y#..≈.≈≈.≈.##.#
#@#####.###.##†###
#.# #.###.......
#.....)........###
################


You could see a yak.

Vanquished Creatures
  3 yaks (D:5)
  A water moccasin (D:4)
  A sky beast (D:5)
  A hornet zombie (D:5)
  A necrophage (D:4)
  An ogre (D:5)
  A scorpion (D:5)
  2 hounds (D:4)
  2 orc priests
  An iguana (D:5)
  An orc wizard (D:3)
  A hound skeleton (D:4)
  A gnoll (D:4)
  A worm (D:3)
  4 dart slugs
  17 orcs
  6 bats
  8 endoplasms
  6 giant cockroaches
  8 goblins
  7 hobgoblins
  5 jackals
  9 kobolds
  2 quokkas
  3 ball pythons
  6 frilled lizards
  4 rats
103 creatures vanquished.

Notes
Turn   | Place    | Note
-------+----------+-------------------------------------------
     0 | D:1      | ICC the Vine Stalker Conjurer began the quest for the Orb.
     0 | D:1      | Reached XP level 1. HP: 9/9 MP: 4/4
   151 | D:1      | You fall into a shaft and drop 1 floor!
   162 | D:2      | Reached XP level 2. HP: 11/13 MP: 3/6
   181 | D:1      | Learned a level 2 spell: Searing Ray
   203 | D:1      | Reached skill level 3 in Stealth
   401 | D:1      | Reached XP level 3. HP: 16/16 MP: 3/8
   712 | D:2      | Found a hide-covered altar of Uskayaw.
   979 | D:2      | Found a faded altar of an unknown god.
  1321 | D:3      | Reached skill level 1 in Short Blades
  1321 | D:3      | Gained mutation: Your natural rate of healing is unusually
                  | fast. [Vine Stalker growth]
  1321 | D:3      | Reached XP level 4. HP: 21/21 MP: 5/10
  1587 | D:3      | Found Vathruef's Book Emporium.
  1604 | D:3      | Learned a level 3 spell: Dazzling Flash
  1613 | D:3      | Learned a level 4 spell: Fulminant Prism
  1692 | D:3      | Reached XP level 5. HP: 24/24 MP: 3/11
  1705 | D:3      | Found an ancient bone altar of Kikubaaqudgha.
  1706 | D:3      | Found a broken altar of Ashenzari.
  1708 | D:3      | Found an ornate altar of the Wu Jian Council.
  1719 | D:3      | Found a white marble altar of Elyvilon.
  1724 | D:3      | Became a worshipper of the Wu Jian Council
  1957 | D:4      | Noticed a water moccasin
  1968 | D:4      | Killed a water moccasin
  1969 | D:4      | Reached skill level 4 in Stealth
  1969 | D:4      | Reached skill level 1 in Hexes
  1969 | D:4      | Reached XP level 6. HP: 2/28 MP: 1/12
  1992 | D:4      | Found a sacrificial altar of Ru.
  2109 | D:4      | Found a hazy altar of Hepliaklqana.
  2114 | D:4      | Found a blossoming altar of Fedhas.
  2116 | D:4      | Found an iron altar of Okawaru.
  2116 | D:4      | Found a shimmering altar of Xom.
  2116 | D:4      | Found a basalt altar of Yredelemnul.
  2117 | D:4      | Found a glowing silver altar of Zin.
  2206 | D:4      | Reached * piety under Wu Jian
  2327 | D:4      | Noticed a necrophage
  2334 | D:4      | Killed a necrophage
  2335 | D:4      | Reached XP level 7. HP: 30/32 MP: 4/14
  2447 | D:5      | Entered Level 5 of the Dungeon
  2447 | D:5      | Noticed a yak
  2447 | D:5      | Noticed a yak
  2447 | D:5      | Noticed a yak
  2447 | D:5      | Noticed a yak
  2474 | D:5      | Reached skill level 5 in Stealth
  2757 | D:5      | Killed a yak
  2758 | D:5      | Reached skill level 5 in Spellcasting
  2758 | D:5      | Gained mutation: You have razor-sharp teeth. [Vine Stalker
                  | growth]
  2758 | D:5      | Reached XP level 8. HP: 15/36 MP: 2/16
  2765 | D:5      | Killed a yak
  2766 | D:5      | Reached skill level 5 in Short Blades
  2766 | D:5      | Reached skill level 6 in Stealth
  2766 | D:5      | Killed a yak
  2769 | D:5      | Slain by a yak

Illustrated notes

Levels and vault maps discovered:
D:1:      minmay_arrival_five_plusses, layout_loops_ring, kennysheep_boxes
D:2:      layout_loops_ring, hellmonk_ecumenical_altar_leap_of_faith,
          basic_altar, minmay_misc_feat_plants
D:3:      minmay_angry_zag, layout_rooms, nicolae_overflow_quartered_altars,
          serial_shops, nicolae_shop_trees, chequers_serial_rivers_micro_d,
          nrook_mini_backslash, minmay_misc_feat_four_crosses
D:4:      layout_cave_pools, grunt_temple_overflow_open, old_standard_altar,
          cheibrodos_gnoll_hut
D:5:      layout_loops_ring, serial_rivers, chequers_serial_rivers_large_a,
          chequers_serial_rivers_marsh, chequers_serial_rivers_micro_d,
          chequers_serial_rivers_micro_d

Skill      XL: |  1  2  3  4  5  6  7  8 |
---------------+-------------------------+-----
Stealth        | 3 4 5 6 |  6.2
Dodging        | 2 |  2.0
Spellcasting   | 3 4 5 |  5.3
Short Blades   | 1 2 3 4 5 |  5.4
Hexes          | 1 2 3 |  3.6
Conjurations   | |  4.0

Action                   |  1- 3 |  4- 6 |  7- 9 || total
-------------------------+-------+-------+-------++-------
Melee: Dagger            |    27 |    63 |    27 ||   117
       Bite              |     7 |    10 |     6 ||    23
 Cast: Magic Dart        |    36 |     8 |     5 ||    49
       Searing Ray       |     7 |    11 |     6 ||    24
Invok: Lunge             |       |     6 |     5 ||    11
       Whirlwind         |       |       |     1 ||     1
  Use: Potion            |       |     1 |       ||     1
 Stab: Sleeping          |     6 |     3 |     3 ||    12
Armor: Robe              |     6 |     5 |     2 ||    13
Dodge: Dodged            |    18 |    41 |    15 ||    74

Table legend: (Time is in decaauts)
 A = Elapsed time spent in this place.
 B = Non-inter-level travel time spent in this place.
 C = Inter-level travel time spent in this place.
 D = Time resting spent in this place.
 E = Time spent auto-exploring this place.
 F = Levels seen in this place.
 G = Mean time per level.
                   A        B        C        D        E       F      G
               +--------+--------+--------+--------+--------+-----+--------+
         Total |   2801 |   2587 |    214 |      0 |   2014 |   5 |  560.2 |
       Dungeon |   2801 |   2587 |    214 |      0 |   2014 |   5 |  560.2 |
               +--------+--------+--------+--------+--------+-----+--------+

Top non-repeatable levels by time:
     D:2: 740 daAuts
     D:1: 690 daAuts
     D:3: 539 daAuts
     D:4: 527 daAuts
     D:5: 304 daAuts
